 Dungeon Crawl Stone Soup version 0.27.0-1-g7a089689b8 (webtiles) character file.

Game seed: 16915781089036928781

1351 Spaninq the Cruncher (level 8, -5/64 HPs)
             Began as a Formicid Gladiator on Aug 11, 2021.
             Was a Priest of Lugonu.
             Slain by an ogre (18 damage)
             ... on level 6 of the Dungeon.
             The game lasted 00:12:30 (5873 turns).

Spaninq the Cruncher (Formicid Gladiator)           Turns: 5873, Time: 00:12:30

Health: -5/64      AC: 13    Str: 22    XL:     8   Next: 95%
Magic:  10/10      EV:  8    Int:  7    God:    Lugonu [***...]
Gold:   221        SH:  0    Dex: 12    Spells: 7/7 levels left

rFire    . . .     SeeInvis +   a - +1 quarterstaff
rCold    . . .     Faith    .   (no shield)
rNeg     . . .     Spirit   .   l - +0 chain mail
rPois    .         Reflect  .   (helmet unavailable)
rElec    .         Harm     .   e - +0 cloak
rCorr    .         Rampage  .   (no gloves)
Will     .....                  (no boots)
Stlth    ..........             (no amulet)
HPRegen  0.20/turn              (no ring)
MPRegen  0.12/turn              (no ring)

@: no status effects
A: permanent stasis, dig shafts and tunnels, antennae 3, four strong arms,
iridescent scales 1, shaggy fur 1
a: Dig, Shaft Self, Renounce Religion, Depart the Abyss, Bend Space, Banish


You were on level 6 of the Dungeon.
You worshipped Lugonu.
Lugonu was most pleased with you.
You visited 1 branch of the dungeon, and saw 6 of its levels.

You collected 221 gold pieces.

Inventory:

Hand Weapons
 a - a +1 quarterstaff (weapon)
Missiles
 c - 3 throwing nets (quivered)
Armour
 e - a +0 cloak (worn)
 k - a +0 pair of gloves
 l - a +0 chain mail (worn)
Wands
 g - a wand of acid (3)
 h - a wand of flame (18)
Scrolls
 f - a scroll of identify
 j - a scroll of enchant weapon
Potions
 b - a potion of curing
 d - a potion of brilliance
 i - a potion of lignification
 m - 2 potions of flight {unknown}


   Skills:
 + Level 6.1 Fighting
 * Level 8.0 Staves
 - Level 2.0 Throwing
 + Level 4.0 Armour
 - Level 2.6 Dodging
 - Level 2.8 Invocations


You had 7 spell levels left.
You didn't know any spells.
Your spell library contained the following spells:

 Spells                   Type           Power      Damage    Failure   Level
 Animate Skeleton         Necr           0%         N/A       98%         1
 Apportation              Tloc           0%         N/A       98%         1
 Corona                   Hex            0%         N/A       98%         1
 Sandblast                Erth           0%         2d4       98%         1
 Summon Small Mammal      Summ           0%         N/A       98%         1
 Passwall                 Tmut/Erth      0%         N/A       99%         2
 Dazzling Flash           Conj/Hex       0%         N/A       100%        3
 Tukima's Dance           Hex            0%         N/A       100%        3
 Passage of Golubria      Tloc           N/A        N/A       100%        4
 Agony                    Necr           0%         N/A       100%        5
 Lee's Rapid Deconstruct  Erth           0%         3d5*      100%        5
 Silence                  Hex/Air        0%         N/A       100%        5
 Yara's Violent Unravell  Hex/Tmut       0%         3d3       100%        5


Dungeon Overview and Level Annotations

Branches:
Dungeon (6/15)
 Temple: D:4-7

Altars:
Kikubaaqudgha
Ru
Xom
Lugonu

Shops:
D:5 [*

Annotations:
D:2 1 runed translucent door, Crazy Yiuf
D:5 Grinder


Innate Abilities, Weirdness & Mutations

You cannot be hasted, slowed, berserked, paralysed or teleported.
You can dig through walls and to a lower floor.
You have a pair of large antennae on your head. (SInv)
Your four strong arms can wield two-handed weapons with a shield.
You are partially covered in iridescent scales. (AC +2)
You are covered in fur. (AC +1)


Message History

a +2 whip of freezing; a +2 robe of willpower You start resting.
You hear the slow rusting of a very distant drain.
You start resting.
You hear the slow rusting of a very distant drain.
You start resting.
You hear the slow rusting of a very distant drain.
Unknown command.
As you read the scroll labelled ZUAQUB ONONU, it crumbles to dust.
Your stasis prevents you from teleporting.
It was a scroll of blinking.
You see here 14 sling bullets.
You see here a scroll of vulnerability.
Found a pair of gloves.
An ogre comes into view. It is wielding a +0 giant spiked club.
You see here a +0 pair of gloves.
k - a +0 pair of gloves You barely miss the ogre.
The ogre hits you with a +0 giant spiked club!
You thump the ogre!
The ogre is heavily wounded.
You barely miss the ogre.
The ogre is heavily wounded.
The ogre hits you with a +0 giant spiked club.
You hit the ogre but do no damage.
The ogre is heavily wounded.
The ogre hits you with a +0 giant spiked club.
You closely miss the ogre.
The ogre is heavily wounded.
You hit the ogre.
The ogre is heavily wounded.
The ogre hits you with a +0 giant spiked club!!
* * * LOW HITPOINT WARNING * * *
You barely miss the ogre.
The ogre is heavily wounded.
The ogre closely misses you.
You hit the ogre.
The ogre is heavily wounded.
The ogre hits you with a +0 giant spiked club!!
You die...

##############
#......@O....#
#.#########.##
#.# #.# #?#
#.#.# #.#
#.#.# #.#
#.#.# #(#{
#.#.# #)#
#.#.#


You could see an ogre.

Vanquished Creatures
  Pikel (D:6)
  Sigmund (D:2)
  A sky beast (D:4)
  2 ogres (D:5)
  4 lemures (D:6)
  A water moccasin zombie (D:5)
  A bullfrog (D:5)
  A scorpion (D:5)
  A centaur zombie (D:5)
  2 bullfrog skeletons (D:5)
  An orc wizard (D:4)
  2 hound skeletons
  A howler monkey skeleton (D:5)
  5 adders
  2 shadow imps (D:5)
  2 ufetubi (D:4)
  4 dart slugs
  11 orcs
  6 ball pythons
  3 bats
  5 endoplasms
  3 giant cockroaches
  5 goblins
  7 hobgoblins
  5 jackals
  3 quokkas
  4 frilled lizards
  7 kobolds
  4 rats
95 creatures vanquished.

Notes
Turn   | Place    | Note
-------+----------+-------------------------------------------
     0 | D:1      | Spaninq the Formicid Gladiator began the quest for the Orb.
     0 | D:1      | Reached XP level 1. HP: 16/16 MP: 1/1
   268 | D:1      | Reached XP level 2. HP: 17/23 MP: 2/2
   674 | D:1      | Reached XP level 3. HP: 27/28 MP: 3/3
  1339 | D:2      | Reached skill level 4 in Staves
  1343 | D:2      | Reached XP level 4. HP: 19/35 MP: 4/4
  1632 | D:2      | Found a faded altar of an unknown god.
  1638 | D:2      | Became a worshipper of Lugonu the Unformed
  1638 | D:2      | Reached * piety under Lugonu
  1638 | D:2      | Reached ** piety under Lugonu
  1772 | D:2      | Found a runed translucent door.
  1773 | D:2      | Noticed Crazy Yiuf
  1831 | D:2      | Noticed Sigmund
  1836 | D:2      | Gained mutation: You are partially covered in iridescent
                  | scales. (AC +2) [potion of mutation]
  1836 | D:2      | Gained mutation: You are covered in fur. (AC +1) [potion of
                  | mutation]
  1846 | D:2      | Killed Sigmund
  1847 | D:2      | Reached skill level 5 in Staves
  1847 | D:2      | Reached XP level 5. HP: 14/42 MP: 4/6
  1847 | D:2      | Reached XP level 6. HP: 16/48 MP: 4/7
  2801 | D:3      | Noticed a steam dragon
  4266 | D:5      | Entered Level 5 of the Dungeon
  4283 | D:5      | Found a shimmering altar of Xom.
  4289 | D:5      | Reached XP level 7. HP: 48/54 MP: 9/9
  4359 | D:5      | Found Yxadiypn's Overcharged Wands.
  4428 | D:5      | Found an ancient bone altar of Kikubaaqudgha.
  4428 | D:5      | Noticed a two-headed ogre
  4636 | D:5      | Reached skill level 6 in Staves
  4636 | D:5      | Reached skill level 1 in Armour
  4835 | D:5      | Found a sacrificial altar of Ru.
  4994 | D:5      | Reached skill level 5 in Fighting
  5107 | D:5      | Reached XP level 8. HP: 59/62 MP: 10/10
  5126 | D:5      | Reached *** piety under Lugonu
  5251 | D:5      | Found Mecepe's Armour Shop.
  5253 | D:5      | Noticed Grinder
  5276 | D:4      | Reached skill level 7 in Staves
  5711 | D:6      | Noticed Pikel
  5745 | D:6      | Killed Pikel
  5746 | D:6      | Reached skill level 8 in Staves
  5873 | D:6      | Slain by an ogre

Illustrated notes

Levels and vault maps discovered:
D:1:      dpeg_arrival_houses_and_road, layout_basic
D:2:      layout_basic, dreamdust_ecumenical_altar_angels_and_demons,
          uniq_sigmund, uniq_crazy_yiuf_cottage
D:3:      layout_loops_ring, minmay_misc_feat_chi
D:4:      layout_rooms, corexii_item_surrounded_by_moat, kennysheep_doodads
D:5:      layout_gridville, mainiacjoe_overflow_tiny_flanked, serial_shops,
          shop_statue, hangedman_feature_mirror, nicolae_shop_overcharged_wands,
          uniq_grinder
D:6:      layout_basic, mainiacjoe_overflow_cross_hatched,
          minmay_temple_entry_overgrown, portal_sewer_entry_b,
          grunt_ministairs_15, roderic_serpentine_path, uniq_pikel, uniq_duvessa

Skill      XL: |  1  2  3  4  5  6  7  8 |
---------------+-------------------------+-----
Fighting       | 3 4 5 6 |  6.1
Staves         | 4 5 6 8 |  8.0
Invocations    | 2 |  2.8
Armour         | 2 4 |  4.0
Throwing       | |  2.0
Dodging        | |  2.6

Action                   |  1- 3 |  4- 6 |  7- 9 || total
-------------------------+-------+-------+-------++-------
Melee: Quarterstaff      |    98 |   156 |   122 ||   376
Invok: Bend Space        |       |       |     1 ||     1
Evoke: Wand              |       |       |     4 ||     4
  Use: Potion            |       |     2 |     2 ||     4
       Scroll            |       |    12 |     2 ||    14
 Stab: Sleeping          |     2 |       |       ||     2
       Distracted        |       |     1 |       ||     1
Armor: Leather armour    |    24 |    40 |       ||    64
       Chain mail        |       |    36 |    49 ||    85
Dodge: Dodged            |    70 |    79 |    40 ||   189
